Map: [ESL] Goldenaura

Players

Erik - Winner!

  • Race: Zerg Zerg
  • Spawn Location: 12:00

eGGz

  • Race: Zerg Zerg
  • Spawn Location: 5:00

Event: ESL SC2 Masters 2024 Spring (Regional)

VOD

Have the link to the VOD?

Description

Time

  • Played on: April 18, 2024, 2:53 p.m.
  • Length: 7:50

All games in this series

Show
View Real Time Build Order
Export as new Build Order

Erik Zerg - Winner!

Build Orders: Hatch First 

Get SALT Encoding   

  12  0:00  Drone  
  13  0:08  Drone  
  14  0:14  Extractor  
  14  0:15  Drone  
  15  0:37  Hatchery  
  15  0:42  Extractor  
  13  0:43  Drone  
  13  0:49  Overlord  
  15  1:04  Spawning Pool  
  15  1:07  Drone  
  15  1:10  Drone  
  16  1:14  Drone  
  17  1:19  Drone  
  18  1:30  Drone  
  19  1:40  Drone  
  19  1:44  Extractor  
  19  1:51  Zergling x2, Queen x2  
  19  1:53  Drone  
  25  2:00  Overlord  
  25  2:01  Drone  
  26  2:11  Drone  
  26  2:12  Drone  
  29  2:22  Drone  
  29  2:25  Drone  
  29  2:29  Queen  
  32  2:34  Overlord  
  32  2:36  Drone  
  33  2:44  Drone  
  34  2:45  Drone  
  35  2:54  Drone  
  35  2:55  Drone  
  37  3:01  Drone x6  
  42  3:12  Hatchery  
  42  3:15  Drone x2  
  42  3:16  Evolution Chamber  
  42  3:18  Drone  
  42  3:19  Drone  
  44  3:26  Roach Warren  
  43  3:32  Drone  
  43  3:33  Overlord x2  
  44  3:36  Overlord  
  44  3:40  Extractor  
  44  3:41  Extractor, Drone  
  44  3:42  Drone  
  44  3:44  Zerg Missile Weapons Level 1  
  44  3:49  Lair  
  44  3:52  Drone  
  44  3:53  Drone  
  44  3:54  Drone  
  47  3:57  Extractor  
  47  4:01  Drone x3  
  49  4:07  Roach x2  
  49  4:08  Roach  
  55  4:17  Overlord  
  55  4:19  Roach x3  
  55  4:21  Roach  
  63  4:29  Overlord  
  63  4:38  Roach x4, Evolution Chamber  
  70  4:45  Ravager  
  70  4:48  Roach x4  
  72  4:59  Roach x4  
  78  5:03  Overseer  
  78  5:07  Glial Reconstitution  
  76  5:14  Zerg Ground Armor Level 1  
  76  5:17  Drone x5  
  81  5:22  Drone x3  
  84  5:31  Spine Crawler  
  84  5:32  Spine Crawler  
  82  5:36  Roach x2  
  82  5:41  Spine Crawler  
  85  5:43  Overlord  
  85  5:45  Overlord  
  85  5:49  Spine Crawler  
  84  6:01  Roach x5  
  76  6:12  Roach  
  76  6:13  Roach x4  
  79  6:19  Roach x4  
  85  6:26  Roach  
  85  6:27  Roach x2  
  89  6:39  Roach x6  
  95  6:51  Roach  
  95  6:53  Overlord x4  
  97  7:10  Queen  
  97  7:13  Drone x4  
  103  7:17  Roach x4  
  111  7:23  Roach x2  
Show
View Real Time Build Order
Export as new Build Order

eGGz Zerg 

Build Orders: Hatch First 

Get SALT Encoding   

  12  0:00  Drone  
  13  0:13  Overlord  
  13  0:17  Drone  
  14  0:32  Drone x2  
  16  0:37  Drone  
  17  0:52  Hatchery  
  16  1:05  Spawning Pool  
  16  1:08  Drone  
  16  1:12  Drone  
  17  1:18  Drone  
  18  1:28  Overlord  
  18  1:52  Drone, Queen  
  21  1:58  Zergling x2  
  21  1:59  Drone  
  23  2:04  Drone, Queen  
  23  2:05  Drone  
  27  2:13  Extractor  
  27  2:14  Drone  
  27  2:15  Extractor  
  27  2:16  Drone  
  27  2:27  Drone x2  
  29  2:31  Queen  
  29  2:36  Drone x2  
  33  2:47  Drone  
  33  2:48  Drone  
  34  2:59  Drone  
  34  3:01  Overlord  
  34  3:02  Overlord  
  34  3:05  Overlord  
  35  3:07  Drone  
  35  3:09  Metabolic Boost  
  36  3:16  Overlord  
  36  3:18  Roach Warren  
  35  3:21  Drone x4  
  35  3:22  Drone  
  40  3:28  Drone  
  40  3:31  Evolution Chamber  
  40  3:33  Drone  
  41  3:40  Drone x3  
  44  3:41  Zergling x2  
  45  3:50  Zergling x8  
  49  3:59  Zergling x4  
  51  4:04  Zergling x2  
  51  4:05  Zerg Ground Armor Level 1  
  52  4:12  Zergling x2  
  52  4:16  Zergling x8, Hatchery  
  56  4:21  Overlord  
  56  4:27  Roach x2  
  56  4:28  Roach  
  56  4:29  Overlord  
  62  4:37  Overlord  
  62  4:43  Roach  
  67  4:45  Roach x2  
  67  4:46  Roach  
  67  4:49  Roach  
  66  5:00  Roach  
  66  5:05  Roach x3  
  70  5:11  Roach  
  72  5:16  Roach  
  72  5:20  Ravager  
  75  5:22  Roach  
  75  5:27  Zergling x4  
  75  5:28  Zergling x4  
  81  5:31  Zergling x10  
  86  5:38  Zergling x2  
  86  5:42  Zergling x4  
  89  5:50  Zergling x2  
  89  5:53  Zergling x4  
  89  5:56  Ravager  
  92  5:59  Zergling x4  
  92  6:00  Zergling x2  
  92  6:01  Ravager  
  92  6:02  Zergling x2  
  92  6:03  Zergling x2  
  86  6:07  Lair, Drone  
  86  6:11  Drone  
  79  6:13  Roach  
  79  6:14  Drone x3  
  76  6:20  Drone x2  
  76  6:25  Drone  
  73  6:28  Drone x3  
  73  6:29  Ravager  
  73  6:31  Drone x2  
  74  6:35  Zergling x6  
  64  6:40  Roach x2  
  64  6:41  Roach  
  64  6:43  Roach x3  
  76  6:48  Roach, Extractor  
  76  6:52  Roach x2  
  78  6:55  Roach  
  80  7:02  Roach x2  
  80  7:04  Overlord x2  
  80  7:06  Drone  
  85  7:10  Extractor  
  85  7:14  Roach x3  
  90  7:19  Roach  
  92  7:22  Extractor  
  92  7:24  Roach x2  
  90  7:31  Roach x2  
Tags
 
Add a new tag
Caveats
  • Supply blocks, unpowered buildings, or Contaminate may cause inaccurate times.
  • Supply counts are checked every 10 seconds.